Map: Wieczne Imperium ER

Players

Helich

  • Race: Protoss Protoss
  • League: Silver
  • Spawn Location: 7:00

kers - Winner!

  • Race: Protoss Protoss
  • League: Platinum
  • Spawn Location: 1:00

VOD

Have the link to the VOD?

Description

Time

  • Played on: March 2, 2020, 1:30 p.m.
  • Length: 11:37
Show
View Real Time Build Order
Export as new Build Order

Helich Protoss 

Build Orders:  

Get SALT Encoding   

  12  0:03  Probe (Chrono Boost)  
  13  0:13  Pylon  
  13  0:16  Probe (Chrono Boost)  
  14  0:27  Probe  
  15  0:35  Gateway  
  15  0:43  Assimilator  
  15  0:45  Probe  
  16  0:59  Probe (Chrono Boost)  
  18  1:11  Probe (Chrono Boost)  
  18  1:16  Probe (Chrono Boost)  
  19  1:19  Pylon  
  19  1:26  Cybernetics Core  
  19  1:29  Probe  
  20  1:34  Assimilator  
  20  1:40  Zealot  
  20  1:44  Probe  
  23  2:02  Pylon  
  23  2:04  Warp Gate (Chrono Boost)  
  23  2:05  Probe  
  24  2:17  Probe  
  25  2:30  Nexus  
  25  2:32  Probe  
  25  2:36  Sentry  
  27  2:44  Probe  
  28  2:56  Probe  
  29  3:02  Stalker (Chrono Boost)  
  31  3:08  Probe  
  32  3:22  Probe  
  32  3:26  Stalker (Chrono Boost)  
  33  3:34  Probe  
  36  3:37  Pylon  
  36  3:41  Pylon  
  36  3:44  Assimilator  
  36  3:45  Probe  
  36  3:46  Probe  
  38  3:52  Robotics Facility  
  38  3:57  Probe, Twilight Council  
  38  3:58  Probe  
  40  4:06  Stalker  
  43  4:10  Probe x2  
  44  4:22  Probe x2  
  46  4:27  Gateway  
  46  4:34  Probe (Chrono Boost)  
  46  4:38  Pylon  
  48  4:40  Probe (Chrono Boost)  
  48  4:42  Assimilator  
  48  4:45  Probe (Chrono Boost)  
  49  4:49  Probe x2 (Chrono Boost)  
  49  4:52  Observer (Chrono Boost)  
  52  4:55  Stalker  
  52  4:59  Probe  
  55  5:00  Probe  
  55  5:04  Immortal  
  60  5:07  Blink  
  60  5:10  Dark Shrine  
  61  5:26  Stalker x2  
  64  5:32  Pylon  
  64  5:44  Observer  
  65  5:54  Forge x2  
  65  5:57  Probe  
  65  6:02  Stalker  
  65  6:03  Stalker  
  70  6:11  Nexus  
  70  6:14  Probe x2  
  72  6:26  Probe x2, Gateway  
  72  6:28  Gateway  
  72  6:31  Gateway  
  74  6:35  Gateway  
  74  6:38  Probe x2  
  74  6:39  Gateway  
  76  6:42  Gateway  
  76  6:50  Probe x2, Pylon  
  78  6:54  Protoss Ground Weapons Level 1 (Chrono Boost)  
  78  6:55  Protoss Ground Armor Level 1 (Chrono Boost)  
  78  7:03  Pylon  
  78  7:06  Pylon  
  78  7:08  Probe x2  
  78  7:09  Pylon  
  80  7:20  Probe  
  81  7:29  Probe  
  82  7:32  Probe  
  82  7:33  Dark Templar x3  
  82  7:34  Dark Templar  
  91  7:46  Probe  
  91  7:48  Probe  
  93  7:56  Assimilator x2  
  92  7:58  Probe  
  92  8:00  Probe  
  92  8:02  Stalker x4  
  100  8:10  Probe  
  100  8:12  Probe  
  98  8:19  Stalker x4  
  106  8:22  Charge  
  106  8:23  Probe  
  107  8:42  Templar Archives  
  107  8:48  Protoss Ground Weapons Level 2 (Chrono Boost), Immortal  
  111  8:49  Protoss Ground Armor Level 2 (Chrono Boost)  
  111  9:05  Gateway  
  111  9:07  Gateway  
  111  9:08  Gateway  
  111  9:10  Gateway, Zealot x2  
  111  9:11  Zealot  
  111  9:12  Zealot  
  111  9:15  Zealot  
  121  9:21  Zealot  
  121  9:22  Zealot  
  125  9:26  Pylon  
  125  9:28  Pylon  
  125  9:33  Pylon  
  125  9:40  Psionic Storm  
  125  9:41  Immortal  
  129  9:46  Pylon  
  129  9:49  Pylon  
  129  9:51  Pylon  
  129  9:52  Pylon  
  129  10:02  High Templar x4  
  129  10:03  High Templar x3  
  143  10:18  Dark Templar  
  143  10:20  Immortal, Stalker  
  143  10:21  Stalker x3  
  155  10:28  Archon  
  157  10:29  Archon  
  157  10:30  Archon  
  157  10:42  High Templar  
  159  10:44  High Templar  
  161  10:55  Stalker  
  161  10:56  Zealot x2  
  161  10:57  Zealot x5  
  169  10:58  Zealot x2  
Show
View Real Time Build Order
Export as new Build Order

kers Protoss - Winner!

Build Orders: Archon Immortal 

Get SALT Encoding   

  12  0:00  Probe  
  13  0:13  Probe  
  14  0:20  Pylon  
  14  0:25  Probe  
  15  0:38  Probe (Chrono Boost)  
  15  0:41  Gateway  
  16  0:49  Probe (Chrono Boost)  
  17  0:55  Probe (Chrono Boost)  
  18  0:59  Assimilator  
  19  1:04  Probe  
  19  1:16  Probe  
  20  1:28  Probe  
  20  1:29  Cybernetics Core  
  21  1:40  Probe  
  22  1:50  Nexus  
  22  1:52  Probe  
  23  2:00  Pylon  
  23  2:14  Warp Gate (Chrono Boost)  
  23  2:18  Probe, Adept (Chrono Boost)  
  26  2:30  Probe  
  27  2:42  Probe  
  28  2:47  Pylon  
  28  2:51  Assimilator  
  28  2:55  Probe  
  29  3:01  Gateway x2  
  29  3:02  Robotics Facility  
  29  3:04  Probe  
  30  3:07  Probe  
  31  3:14  Sentry  
  31  3:16  Probe  
  31  3:19  Probe  
  35  3:28  Probe  
  35  3:31  Probe  
  37  3:40  Probe  
  38  3:43  Probe  
  39  3:50  Observer (Chrono Boost)  
  39  3:52  Probe  
  39  3:54  Stalker  
  39  3:55  Probe  
  44  4:00  Assimilator  
  44  4:04  Probe, Shield Battery  
  44  4:05  Assimilator  
  44  4:07  Probe  
  46  4:12  Forge  
  46  4:16  Probe  
  47  4:19  Probe  
  47  4:21  Pylon  
  47  4:24  Pylon  
  48  4:25  Pylon  
  48  4:28  Probe, Pylon  
  48  4:29  Stalker x2  
  53  4:31  Probe  
  54  4:39  Observer (Chrono Boost)  
  54  4:40  Probe  
  54  4:43  Probe  
  54  4:44  Protoss Ground Weapons Level 1  
  57  4:53  Probe  
  57  4:55  Immortal (Chrono Boost)  
  57  4:56  Probe  
  63  5:05  Probe, Twilight Council  
  64  5:08  Probe  
  64  5:09  Stalker  
  67  5:17  Probe  
  67  5:20  Probe  
  69  5:29  Probe  
  69  5:31  Pylon x2  
  69  5:32  Probe, Immortal (Chrono Boost)  
  75  5:36  Zealot x2  
  75  5:41  Probe  
  80  5:44  Gateway  
  80  5:46  Probe, Gateway  
  81  5:53  Probe  
  81  5:54  Charge  
  82  5:59  Probe, Templar Archives  
  83  6:05  Probe  
  84  6:12  Immortal  
  84  6:16  Probe  
  89  6:29  Probe x2  
  91  6:34  Nexus  
  91  6:35  Zealot x2  
  91  6:36  Pylon  
  95  6:41  Probe x2  
  95  6:44  Pylon x2  
  95  6:46  Pylon  
  97  6:53  Probe x2  
  99  6:55  High Templar x2  
  99  6:59  Archon  
  103  7:05  Probe x2  
  105  7:12  Assimilator  
  105  7:15  Immortal  
  109  7:17  Probe, Assimilator  
  109  7:18  Probe  
  109  7:20  High Templar, Photon Cannon  
  109  7:21  High Templar  
  115  7:22  Protoss Ground Armor Level 1 (Chrono Boost)  
  115  7:24  Photon Cannon  
  115  7:25  Archon  
  115  7:30  Probe x2  
  117  7:42  Probe x2  
  119  7:44  High Templar  
  119  7:45  High Templar x2  
  119  7:50  Observer  
  125  7:59  Gateway  
  125  8:00  Archon  
  125  8:01  High Templar  
  125  8:02  Gateway  
  125  8:03  Gateway  
  125  8:05  Archon  
  127  8:14  Observer  
  128  8:27  Photon Cannon  
  128  8:32  Photon Cannon  
  128  8:34  Photon Cannon  
  128  8:36  Immortal (Chrono Boost)  
  128  8:37  Photon Cannon  
  128  8:38  Photon Cannon  
  132  8:44  Pylon  
  132  8:47  Gateway, Pylon  
  132  8:50  Blink  
  132  8:51  Gateway  
  132  8:57  High Templar x2  
  132  8:58  High Templar  
  132  9:01  Archon  
  138  9:03  High Templar  
  138  9:07  Immortal (Chrono Boost)  
  138  9:08  Archon  
  144  9:25  Zealot x4  
  152  9:42  Colossus x2  
  152  9:44  Warp Prism  
  154  9:47  High Templar x4, Pylon  
  154  9:48  Pylon  
  154  9:49  Pylon, Zealot  
  154  9:51  Pylon  
  154  9:52  Archon  
  164  9:53  Archon  
  164  10:08  High Templar x3  
  164  10:11  Zealot  
  164  10:12  Zealot x2  
  164  10:14  Archon  
  176  10:19  High Templar  
  178  10:32  Zealot x5  
  188  10:36  Archon  
  188  10:57  Pylon  
  188  10:58  Pylon  
  188  11:00  Pylon  
  166  11:16  Zealot x3  
  166  11:17  Zealot x7  
Tags
 
Add a new tag
Caveats
  • Supply blocks, unpowered buildings, or Contaminate may cause inaccurate times.
  • Supply counts are checked every 10 seconds.